 Dungeon Crawl Stone Soup version 0.21.1-1-g345015fe64 (webtiles) character file.

431 Naru the Chopper (level 7, -5/60 HPs)
             Began as a Hill Orc Fighter on June 22, 2018.
             Was a Follower of Beogh.
             Slain by an ogre
             ... wielding a +0 giant spiked club
              (13 damage)
             ... on level 4 of the Dungeon.
             The game lasted 00:06:21 (3368 turns).

Naru the Chopper (Hill Orc Fighter)                 Turns: 3368, Time: 00:06:21

Health: -5/60      AC:  9    Str: 24    XL:     7   Next: 0%
Magic:  7/7        EV:  8    Int: 10    God:    Beogh [*.....]
Gold:   106        SH:  9    Dex: 10    Spells: 6/6 levels left

rFire    . . .     SeeInvis .   a - +0 war axe
rCold    . . .     Gourm    .   c - +0 shield
rNeg     . . .     Faith    .   b - +0 scale mail
rPois    .         Spirit   .   j - +1 helmet
rElec    .         Reflect  .   (no cloak)
rCorr    .         Harm     .   (no gloves)
MR       .....                  (no boots)
Stlth    ..........             (no amulet)
HPRegen  0.20/turn              l - ring of flight
MPRegen  0.10/turn              (no ring)

@: mighty
A: no striking features
a: Renounce Religion, Evoke Flight


You were on level 4 of the Dungeon.
You worshipped Beogh.
Beogh was aware of your devotion.
You were not hungry.

You visited 1 branch of the dungeon, and saw 4 of its levels.

You collected 106 gold pieces.

Inventory:

Hand Weapons
 a - a +0 war axe (weapon)
Missiles
 p - 4 tomahawks
 r - a throwing net (quivered)
Armour
 b - a +0 scale mail (worn)
 c - a +0 shield (worn)
 j - a +1 helmet (worn)
Jewellery
 l - a ring of flight (left hand)
 s - an uncursed amulet of the gourmand {unknown}
Wands
 n - a wand of paralysis (19)
 t - a wand of polymorph (10)
Scrolls
 e - a scroll of enchant weapon {unknown}
 g - 2 scrolls of amnesia
 h - a scroll of teleportation
 v - a scroll of enchant armour
Potions
 i - a potion of degeneration {unknown}
 k - 4 potions of brilliance
 m - a potion of lignification {unknown}
 o - a potion of haste
 q - a potion of resistance
Comestibles
 f - 6 rations
 u - 6 chunks of flesh


   Skills:
 * Level 4.9 Fighting
 * Level 7.3 Axes
 + Level 4.2 Armour
 + Level 1.1 Dodging
 + Level 4.0 Shields


You had 6 spell levels left.
You didn't know any spells.

Dungeon Overview and Level Annotations

Branches:
Dungeon (4/15)
 Temple: D:4-7

Altars:
Ashenzari
Okawaru
Ru
Wu Jian
The Shining One


Message History

Your shield and scale mail prevent you from hitting Ijyb.
Your shield and scale mail prevent you from hitting the ogre.
You hit the phantom. The phantom hits you.
* * * LOW HITPOINT WARNING * * *
The phantom blinks!
The ogre hits you but does no damage. Ijyb hits you but does no damage.
You slice Ijyb!!
Ijyb is almost dead.
You hit the ogre. You barely miss the orc. You block the orc's attack.
Ijyb hits you but does no damage.
The ogre hits you with a giant spiked club!
* * * LOW HITPOINT WARNING * * *
You block the orc's attack.
You hit Ijyb.
You kill Ijyb!
Beogh accepts your kill.
You have reached level 7!
You hit the orc. You hit the ogre.
The ogre hits you with a giant spiked club!
You die...

#...#######.........###
#.......###.........#
.....#......##.........+
......#......###'#......#
......###.............###
......................#
......................#####
.................).).......
####..ยง@.......)........
####..oWO.#.............
............######......
.......#....# #......
.......#....######......
.......+................
......##...#............
#..... #...#......######
....... #......#......#


You could see a phantom, an ogre and an orc.

Vanquished Creatures
  Edmund (D:4)
  A scorpion (D:4)
  An orc wizard (D:4)
  Ijyb (D:4)
  A worker ant (D:4)
  3 gnolls (D:3)
  5 adders
  An ooze (D:2)
  An adder skeleton (D:4)
  3 worms
  3 dart slugs
  4 leopard geckos
  11 orcs
  2 ball pythons
  4 giant cockroaches (D:2)
  6 goblins
  7 hobgoblins
  3 jackals (D:4)
  3 quokkas
  10 bats
  7 frilled lizards
  9 kobolds
  5 rats
92 creatures vanquished.

Vanquished Creatures (others)
  An orc (D:3)
1 creature vanquished.

Grand Total: 93 creatures vanquished

Notes
Turn   | Place    | Note
-------+----------+-------------------------------------------
     0 | D:1      | Naru the Hill Orc Fighter began the quest for the Orb.
     0 | D:1      | Reached XP level 1. HP: 19/19 MP: 1/1
   271 | D:1      | Reached skill level 3 in Axes
   277 | D:1      | Reached XP level 2. HP: 12/27 MP: 2/2
   796 | D:1      | Reached XP level 3. HP: 32/33 MP: 3/3
  1069 | D:2      | Reached skill level 4 in Axes
  1264 | D:2      | Reached XP level 4. HP: 39/40 MP: 4/4
  1739 | D:2      | Reached skill level 5 in Axes
  2013 | D:3      | Found a shattered altar of Ashenzari.
  2023 | D:3      | Found an ornate altar of the Wu Jian Council.
  2182 | D:3      | Reached XP level 5. HP: 46/46 MP: 5/5
  2295 | D:3      | Found an iron altar of Okawaru.
  2296 | D:3      | Found a sacrificial altar of Ru.
  2346 | D:3      | Became a worshipper of Beogh the Brigand
  3004 | D:3      | Found a glowing golden altar of the Shining One.
  3051 | D:4      | Reached skill level 6 in Axes
  3118 | D:4      | Reached XP level 6. HP: 50/53 MP: 6/6
  3203 | D:4      | Reached skill level 1 in Dodging
  3247 | D:4      | Noticed Edmund
  3257 | D:4      | Reached * piety under Beogh
  3258 | D:4      | Killed Edmund
  3258 | D:4      | Reached skill level 7 in Axes
  3339 | D:4      | Noticed Ijyb
  3340 | D:4      | Noticed a phantom
  3368 | D:4      | Killed Ijyb
  3368 | D:4      | Reached XP level 7. HP: 7/60 MP: 7/7
  3368 | D:4      | Slain by an ogre

Skill      XL: |  1  2  3  4  5  6 |
---------------+-------------------+-----
Axes           | 3 4 5 6 7 |  7.3
Fighting       | 4 |  4.9
Armour         | 4 |  4.2
Dodging        | 1 |  1.1
Shields        | 4 |  4.0

Action                   |  1- 3 |  4- 6 |  7- 9 || total
-------------------------+-------+-------+-------++-------
Melee: War axe           |   102 |   174 |       ||   276
Invok: Convert to Beogh  |       |     1 |       ||     1
  Use: Scroll            |       |     8 |       ||     8
       Potion            |       |     2 |       ||     2
  Eat: Chunk             |     1 |     4 |       ||     5
       Ration            |       |     1 |       ||     1
Armor: Scale mail        |    71 |   114 |       ||   185
Dodge: Dodged            |    35 |    69 |       ||   104
Block: Shield            |    61 |   102 |       ||   163
